 Dungeon Crawl Stone Soup version 0.25-a0-578-gc91f01c39c (webtiles) character file.

Game seed: 5229869965222661607, levelgen mode: deterministic

3535 Ijustatesigmund the Carver (level 10, -5/82 HPs)
             Began as a Human Gladiator on Mar 4, 2020.
             Was a Follower of the Shining One.
             Slain by a vampire (8 damage)
             ... on level 9 of the Dungeon.
             The game lasted 00:18:54 (9206 turns).

Ijustatesigmund the Carver (Human Gladiator)        Turns: 9206, Time: 00:18:55

Health: -5/82      AC: 16    Str: 16    XL:     10   Next: 29%
Magic:  13/13      EV:  9    Int:  9    God:    the Shining One [*.....]
Gold:   532        SH:  5    Dex: 18    Spells: 9/9 levels left

rFire    . . .     SeeInvis .   a - +1 long sword
rCold    . . .     Gourm    .   r - +0 buckler
rNeg     . . .     Faith    .   b - +0 chain mail
rPois    .         Spirit   .   c - +0 helmet
rElec    .         Reflect  .   n - +1 cloak
rCorr    .         Harm     .   g - +1 pair of gloves
MR       .....                  (no boots)
Stlth    ..........             (no amulet)
HPRegen  0.23/turn              (no ring)
MPRegen  0.13/turn              (no ring)

@: glowing, invisible (but backlit and visible)
A: rugged brown scales 1, thin skeletal structure 1, sense surroundings 1,
evolution 1
a: Renounce Religion


You were on level 9 of the Dungeon.
You worshipped the Shining One.
The Shining One was aware of your devotion.
You were not hungry.

You visited 2 branches of the dungeon, and saw 10 of its levels.

You collected 532 gold pieces.

Inventory:

Hand Weapons
 a - a +1 long sword (weapon)
Missiles
 e - 33 poisoned darts (quivered)
 h - a throwing net
Armour
 b - a +0 chain mail (worn)
 c - a +0 helmet (worn)
 g - a +1 pair of gloves (worn)
 n - a +1 cloak (worn)
 r - a +0 buckler (worn)
Wands
 i - a wand of iceblast (1)
 x - a wand of enslavement (6)
Scrolls
 j - 2 scrolls of fog
 k - a scroll of magic mapping
 o - a scroll of vulnerability {unknown}
 p - 3 scrolls of identify
 s - a scroll of remove curse
 w - a scroll of enchant weapon
 y - a scroll of teleportation
Potions
 d - 2 potions of lignification
 l - 2 potions of flight
 m - 2 potions of haste
 t - a potion of magic {unknown}
 v - a potion of ambrosia {unknown}
Comestibles
 f - 17 rations


   Skills:
 + Level 7.9 Fighting
 + Level 8.4 Long Blades
 - Level 2.0 Throwing
 + Level 5.2 Armour
 + Level 4.5 Dodging
 - Level 0.5 Stealth
 - Level 4.0 Shields
 + Level 4.5 Invocations


You had 9 spell levels left.
You didn't know any spells.
Your spell library contained the following spells:

 Spells                   Type           Power        Failure   Level  Hunger
 Apportation              Tloc           #.....       99%         1    ##.....
 Magic Dart               Conj           #...         99%         1    ##.....
 Summon Butterflies       Summ           #.......     99%         1    ##.....
 Blink                    Tloc           N/A          100%        2    ###....
 Call Imp                 Summ           #.......     100%        2    ###....
 Slow                     Hex            #.......     100%        2    ###....
 Conjure Flame            Conj/Fire      #.......     100%        3    ####...
 Lesser Beckoning         Tloc           #.........   100%        3    ####...
 Mephitic Cloud           Conj/Pois/Air  #.......     100%        3    ####...
 Tukima's Dance           Hex            #.......     100%        3    ####...
 Alistair's Intoxication  Tmut/Pois      #.......     100%        5    ######.
 Invisibility             Hex            #.......     100%        6    #######


Dungeon Overview and Level Annotations

Branches:
Dungeon (9/15)             Temple (1/1) D:5
   Lair: D:8-11         Orc: D:9-12

Altars:
Ashenzari
Cheibriados
Dithmenos
Elyvilon
Fedhas
Gozag
Hepliaklqana
Kikubaaqudgha
Makhleb
Nemelex Xobeh
Okawaru
Qazlal
Ru
Sif Muna
Trog
Uskayaw
Vehumet
Wu Jian
Xom
Yredelemnul
Zin
The Shining One


Innate Abilities, Weirdness & Mutations

You are partially covered in rugged brown scales. (AC +1, +3% HP)
You have a somewhat thin skeletal structure. (Dex +2, Stealth)
You passively map a small area around you.
You evolve.


Message History

The vampire hits you but does no damage.
The vampire barely misses you.
Evoke which item? (* to show all) (? for menu, Esc to quit)
Okay, then.
It was a potion of mutation.
You feel extremely strange.
Your bones become slightly less dense.
Rugged brown scales grow over part of your body.
You feel nature experimenting on you.
Don't worry, failures die fast.
You feel a strange attunement to the structure of the dungeons.
Your divine shield fades away.
The vampire hits you but does no damage.
The vampire bites you.
* * * LOW HITPOINT WARNING * * *
The vampire draws strength from your injuries!
It was a potion of invisibility.
You become transparent, but the glow from your halo prevents you from becoming completely invisible.
The vampire hits you.
* * * LOW HITPOINT WARNING * * *
The vampire bites you!
You die...

,, , , , , ,
* ##### * * *
#...# *
#######...# ,
#.....@V.÷#,
#....##.<.# ,
,
,#....*#†..+
, ,+....
#...# ,
#....*#...#,,
,#.... #...#
* *,
#....*#...# ,
#.... ....# ,
##### ,


You could see a vampire (invisible).

Vanquished Creatures
  Grinder (D:4)
  Sigmund (D:4)
  A hungry ghost (D:8)
  A water moccasin (D:9)
  3 sky beasts
  A black bear (D:4)
  3 ice beasts
  A phantom (D:4)
  4 ogres
  A centaur (D:7)
  3 bullfrogs
  A big kobold (D:7)
  3 scorpions
  6 killer bees
  A vampire bat (D:7)
  2 crimson imps
  A bullfrog skeleton (D:4)
  7 hounds
  2 orc priests
  A jelly (D:6)
  4 orc wizards
  2 iguanas
  6 worker ants
  A hound zombie (D:8)
  A hound skeleton (D:6)
  8 gnolls
  13 adders
  A shadow imp (D:5)
  2 oozes (D:3)
  4 worms
  5 dart slugs
  4 leopard geckos
  32 orcs
  4 bat skeletons (D:7)
  3 bat zombies (D:7)
  7 giant cockroaches
  6 goblins
  8 hobgoblins
  2 jackals (D:4)
  2 quokkas
  A ball python skeleton (D:4)
  8 bats
  5 frilled lizards
  A jackal zombie (D:6)
  14 kobolds
  A leopard gecko zombie (D:5)
  A quokka skeleton (D:5)
  2 quokka zombies
  9 rats
201 creatures vanquished.

Notes
Turn   | Place    | Note
-------+----------+-------------------------------------------
     0 | D:1      | Ijustatesigmund the Human Gladiator began the quest for the
                  | Orb.
     0 | D:1      | Reached XP level 1. HP: 16/16 MP: 1/1
   401 | D:1      | Reached XP level 2. HP: 22/22 MP: 2/2
  1025 | D:2      | Reached XP level 3. HP: 27/27 MP: 3/3
  1048 | D:2      | Found a hide-covered altar of Uskayaw.
  1180 | D:2      | Reached XP level 4. HP: 13/34 MP: 4/4
  1499 | D:2      | Reached skill level 1 in Armour
  2581 | D:3      | Reached skill level 4 in Long Blades
  2603 | D:3      | Reached XP level 5. HP: 29/40 MP: 5/5
  3679 | D:4      | Reached XP level 6. HP: 48/48 MP: 6/6
  3689 | D:4      | Noticed Grinder
  3718 | D:4      | Killed Grinder
  3718 | D:4      | Reached skill level 5 in Long Blades
  3718 | D:4      | Reached XP level 7. HP: 35/55 MP: 7/7
  3880 | D:4      | Reached skill level 5 in Fighting
  4252 | D:4      | Reached skill level 6 in Long Blades
  4276 | D:4      | Reached XP level 8. HP: 36/64 MP: 8/8
  4634 | D:4      | Noticed Sigmund
  4645 | D:4      | Killed Sigmund
  5291 | D:5      | Entered Level 5 of the Dungeon
  5312 | D:5      | Found a radiant altar of Vehumet.
  5439 | D:6      | Reached skill level 7 in Long Blades
  5439 | D:6      | Reached skill level 1 in Shields
  5762 | D:5      | Found a shadowy altar of Dithmenos.
  5908 | D:5      | Found a staircase to the Ecumenical Temple.
  5917 | Temple   | Entered the Ecumenical Temple
  6134 | Temple   | Became a worshipper of the Shining One
  6297 | D:6      | Reached XP level 9. HP: 53/71 MP: 9/9
  6301 | D:6      | Reached skill level 1 in Invocations
  6433 | D:6      | Found a sacrificial altar of Ru.
  7019 | D:6      | Reached * piety under the Shining One
  7821 | D:6      | Found a shimmering altar of Xom.
  8010 | D:7      | Reached skill level 8 in Long Blades
  8044 | D:7      | Reached XP level 10. HP: 78/79 MP: 12/12
  8160 | D:7      | Found an ancient bone altar of Kikubaaqudgha.
  8609 | D:8      | Found a blossoming altar of Fedhas.
  8679 | D:8      | Found an iron altar of Okawaru.
  8705 | D:8      | Found an ornate altar of the Wu Jian Council.
  8774 | D:8      | Reached skill level 5 in Armour
  8779 | D:8      | Reached ** piety under the Shining One
  9205 | D:9      | Gained mutation: You have a somewhat thin skeletal
                  | structure. (Dex +2, Stealth) [potion of mutation]
  9205 | D:9      | Gained mutation: You are partially covered in rugged brown
                  | scales. (AC +1, +3% HP) [potion of mutation]
  9205 | D:9      | Gained mutation: You evolve. [potion of mutation]
  9205 | D:9      | Gained mutation: You passively map a small area around you.
                  | [potion of mutation]
  9206 | D:9      | HP: 3/82 [vampire (3)]
  9206 | D:9      | Slain by a vampire

Levels and vault maps discovered:
D:1:      kennysheep_arrival_forest, layout_basic
D:2:      layout_basic, lemuel_round_altar
D:3:      layout_rooms, serial_rivers, chequers_serial_rivers_micro_c,
          chequers_serial_rivers_marsh, chequers_serial_rivers_room_b,
          chequers_serial_rivers_small_3
D:4:      layout_loops_ring, first_ration, uniq_grinder, uniq_sigmund
D:5:      layout_basic, vehumet_crystals, lemuel_doored_altar, temple_hall,
          dk_vineyard_3
D:6:      layout_basic, kennysheep_mini_moat, nicolae_overflow_crystal_walls
D:7:      layout_loops_ring, kennysheep_vampire_church
D:8:      layout_cave_pools, old_standard_altar, okawaru_ov_weapons_minmay,
          lemuel_crystal_altar, serial_shops, shop, grunt_potential
D:9:      layout_stronghold, uniq_pikel
Temple:   oiseaux_autumnal_temple

Skill      XL: |  1  2  3  4  5  6  7  8  9 10 |
---------------+-------------------------------+-----
Armour         | 1 3 4 5 |  5.2
Long Blades    | 4 5 6 7 8 |  8.4
Fighting       | 3 4 5 6 7 |  7.9
Shields        | 2 4 |  4.0
Invocations    | 3 4 |  4.5
Dodging        | 4 |  4.5
Throwing       | |  2.0
Stealth        | |  0.5

Action                   |  1- 3 |  4- 6 |  7- 9 | 10-12 || total
-------------------------+-------+-------+-------+-------++-------
Melee: Long sword        |    92 |   158 |   400 |   110 ||   760
Throw: Throwing net      |       |     3 |       |       ||     3
       Dart              |       |     8 |    16 |       ||    24
Invok: Divine Shield     |       |       |       |     1 ||     1
Evoke: Wand              |       |     1 |     1 |       ||     2
  Use: Scroll            |     3 |     6 |     6 |       ||    15
       Potion            |       |     1 |     4 |     3 ||     8
 Stab: Sleeping          |     2 |     1 |       |       ||     3
  Eat: Chunk             |     1 |     8 |    11 |       ||    20
       Ration            |       |       |     1 |     2 ||     3
Armor: Leather armour    |    30 |     4 |       |       ||    34
       Ring mail         |       |    47 |   161 |    13 ||   221
       Chain mail        |       |       |       |    56 ||    56
Dodge: Dodged            |    77 |    94 |   261 |    56 ||   488
Block: Buckler           |       |       |    75 |    50 ||   125
       Rpst.: Long sword |    29 |    37 |    85 |    19 ||   170

Table legend:
 A = Non-vault XP
 B = Vault XP
 C = Vault XP percentage of total XP
 D = Non-vault monster count
 E = Vault monster count
 F = Vault count percentage of total count
                 A         B        C        D         E       F
            +---------+---------+-------+---------+---------+-------
      Total |    4117 |     934 |  18.5 |     187 |      14 |   7.0
            +---------+---------+-------+---------+---------+-------
        D:1 |      23 |       0 |   0.0 |      15 |       0 |   0.0
        D:2 |      99 |       0 |   0.0 |      28 |       0 |   0.0
        D:3 |     140 |       0 |   0.0 |      27 |       0 |   0.0
        D:4 |     875 |     519 |  37.2 |      32 |       2 |   5.9
        D:5 |      94 |       0 |   0.0 |       8 |       0 |   0.0
        D:6 |     726 |       0 |   0.0 |      25 |       0 |   0.0
        D:7 |    1388 |      71 |   4.9 |      31 |       8 |  20.5
        D:8 |     724 |     197 |  21.4 |      20 |       3 |  13.0
        D:9 |      48 |     147 |  75.4 |       1 |       1 |  50.0
            +---------+---------+-------+---------+---------+-------
